 Dungeon Crawl Stone Soup version 0.19.5 (webtiles) character file.

34235 McKennaii the Carver (level 13, -7/104 HPs)
             Began as a Demonspawn Abyssal Knight on May 1, 2017.
             Was the Champion of Lugonu.
             Mangled by a cyclops (11 damage)
             ... on level 15 of the Dungeon.
             The game lasted 01:08:42 (18077 turns).

McKennaii the Carver (Demonspawn Abyssal Knight)   Turns: 18077, Time: 01:08:42

Health: -7/104     AC: 21    Str: 12    XL:     13   Next: 41%
Magic:  0/17       EV: 11    Int: 15    God:    Lugonu [******]
Gold:   715        SH:  8    Dex: 27    Spells: 0 memorised, 12 levels left

rFire  + . .     SeeInvis .     a - +8 falchion (distort)
rCold  . . .     Gourm    .     v - +0 plate armour
rNeg   . . .     Faith    .     e - +0 buckler of Bepizil {rElec Str-3 Dex+3}
rPois  .         Spirit   +     (helmet restricted)
rElec  +         Reflect  .     L - +0 cloak
rCorr  .         Harm     .     Y - +2 pair of gloves {Str+3}
MR     .....                    A - +0 pair of boots (curse)
Stlth  ..........               M - amulet of guardian spirit
                                I - ring of protection from fire
                                l - ring of flight

@: agile, drained
A: horns 2, thin skeletal structure 1, powered by pain 2, spiny 2
a: Depart the Abyss, Bend Space, Banish, Corrupt, Enter the Abyss, Renounce
Religion, Evoke Flight


You were on level 15 of the Dungeon.
You worshipped Lugonu.
Lugonu was exalted by your worship.
You were not hungry.

You visited 1 branch of the dungeon, and saw 15 of its levels.
You visited the Abyss 1 time.
You also visited: Sewer.

You collected 1098 gold pieces.
You spent 383 gold pieces at shops.

Inventory:

Hand Weapons
 a - a +8 falchion of distortion (weapon)
Armour
 e - the +0 buckler of Bepizil (worn) {rElec Str-3 Dex+3}
   (You found it on level 3 of the Abyss)

   It affects your strength (-3).
   It affects your dexterity (+3).
   It insulates you from electricity.
 v - a +0 plate armour (worn)
 A - a cursed +0 pair of boots (worn)
 L - a +0 cloak (worn)
 Y - a +2 pair of gloves of strength (worn)
Jewellery
 l - a ring of flight (left hand)
 I - a ring of protection from fire (right hand)
 M - an amulet of guardian spirit (around neck)
 P - an uncursed ring of protection from magic
Wands
 i - a wand of confusion (18/48)
 j - a wand of flame (23/48)
 k - a wand of confusion (30/48)
 m - a wand of teleportation (5/9)
 p - a wand of random effects (17/48)
 t - a wand of confusion (31/48)
 G - a wand of paralysis (10/24)
 K - a wand of enslavement (5/24)
 O - a wand of slowing (22/48)
 Q - a wand of slowing (11/48)
 T - a wand of disintegration (9/24)
 U - a wand of random effects (12/48)
 W - a wand of disintegration (14/24)
 Z - a wand of iceblast (10/15)
Scrolls
 f - a scroll of enchant weapon
 g - 13 scrolls of identify
 n - 5 scrolls of fog
 q - 5 scrolls of remove curse
 s - 5 scrolls of amnesia
 u - 2 scrolls of fear
 w - a scroll of recharging
 y - 4 scrolls of magic mapping
 B - 3 scrolls of vulnerability {unknown}
 H - 3 scrolls of enchant armour
Potions
 b - 4 potions of might
 d - 2 potions of cure mutation
 h - 3 potions of brilliance
 r - 2 potions of curing
 x - 5 potions of lignification
 z - 2 potions of magic {unknown}
 J - 2 potions of ambrosia {unknown}
 N - a potion of berserk rage {unknown}
 X - a potion of agility
Books
 C - a book of Ice

   Spells                             Type                      Level
   a - Ice Form                       Ice/Transmutation            4
   b - Metabolic Englaciation         Hexes/Ice                    5
   c - Ozocubu's Refrigeration        Ice                          6
   d - Bolt of Cold                   Conjuration/Ice              6
   e - Freezing Cloud                 Conjuration/Ice/Air          6
   f - Simulacrum                     Ice/Necromancy               6
 F - the Tome of Ghastly Translocation
   (You found it on level 14 of the Dungeon)

   Spells                             Type                      Level
   a - Apportation                    Translocation                1
   b - Corpse Rot                     Necromancy                   2
   c - Gell's Gravitas                Hexes/Translocation          3
   d - Recall                         Summoning/Translocation      3
   e - Bolt of Draining               Conjuration/Necromancy       5
   f - Dispersal                      Translocation                6
 V - a book of the Tempests

   Spells                             Type                      Level
   a - Static Discharge               Conjuration/Air              3
   b - Lightning Bolt                 Conjuration/Air              5
   c - Fireball                       Conjuration/Fire             5
   d - Tornado                        Air                          9
   e - Shatter                        Earth                        9
Comestibles
 c - 12 bread rations
 D - 6 meat rations
 R - 4 beef jerkies
 S - 5 fruits


   Skills:
 + Level 10.3(10.1) Fighting
 + Level 12.2(12.0) Long Blades
 + Level 11.3(11.0) Armour
 + Level 3.7(3.5) Dodging
 + Level 2.4(2.2) Stealth
 + Level 7.8(7.6) Shields
 - Level 6.0(5.8) Invocations
 + Level 1.5(1.2) Evocations


You had 12 spell levels left.
You didn't know any spells.

Dungeon Overview and Level Annotations

Branches:
Dungeon (15/15)            Temple (0/1) D:7            Lair (0/6) D:10
    Orc (0/2) D:10         Vaults (0/5) D:14
 Depths: D:15

Altars:
Ashenzari
Dithmenos
Elyvilon
Fedhas
Hepliaklqana
Okawaru
Yredelemnul
Beogh

Shops:
D:8 [   D:9 !

Annotations:
D:10 corrupted


Innate Abilities, Weirdness & Mutations

You have a pair of horns on your head.
You have a somewhat thin skeletal structure. (Dex +2, Stealth)
You sometimes gain power by taking damage.
You are mostly covered in sharp spines.


Message History

The killer bee stings you!
* * * LOW HITPOINT WARNING * * *
The killer bee completely misses you.
Found a stone staircase leading up.
The killer bee is struck by your spines.
You kill the killer bee!
Lugonu accepts your kill.
The cyclops throws a large rock.
You block the large rock.
You see here a large rock.
The cyclops completely misses you.
You riposte.
You slash the cyclops! Your headbutt misses the cyclops.
The cyclops is lightly wounded.
You hit the cyclops.
Space bends around the cyclops.
You headbutt the cyclops, but do no damage.
The cyclops is moderately wounded.
You slash the cyclops!
Space bends around the cyclops.
You headbutt the cyclops, but do no damage.
The cyclops is severely wounded.
The cyclops is struck by your spines. The cyclops hits you!
You die...

..#......#
#.....#
#......#
#.....#
#......#
#.....#
#......#
#.....#
+......#
#.....#
#...$..#
#.....#
#.....#####..
#.(†(@C.....#
#.........<.+
#...........#
#...........#
#...........#
#............
#.....#######
#.....#


You could see a cyclops.

Vanquished Creatures
  4 vault guards (D:14)
  An ogre mage (D:14)
  A centaur warrior (D:14)
  A tengu warrior (D:14)
  A sixfirhy (D:11)
  3 unseen horrors
  A wizard (D:14)
  A deep elf archer (D:14)
  Pikel (D:6)
  3 hill giants
  2 ugly things
  A cyclops (D:13)
  3 manticores
  2 centaur zombies
  A guardian serpent (shapeshifter) (D:14)
  4 ice statues (D:13)
  A centaur skeleton (D:14)
  A gargoyle (D:13)
  A spiny frog (D:10)
  6 kobold demonologists
  The ghost of Asagix the Cutter, an amateur MiBe of Trog (Sewer)
  A merfolk (D:9)
  Grinder (D:4)
  4 hippogriffs
  3 wyverns
  A shadow (D:13)
  2 wraiths
  16 yaks
  4 vampire mosquitoes
  3 hungry ghosts
  A mottled dragon (D:12)
  2 black bears
  2 slaves (D:6)
  9 ogres
  9 ice beasts
  2 eyes of draining
  9 orc warriors
  4 sky beasts
  3 phantoms
  A crocodile (D:8)
  6 centaurs
  3 big kobolds
  A wyvern zombie (D:12)
  13 bullfrogs
  A gnoll sergeant (D:10)
  5 scorpions
  A hornet simulacrum (D:14)
  14 killer bees
  11 wights
  3 howler monkeys (D:14)
  6 crimson imps
  3 quasits
  4 hounds
  10 orc priests
  Crazy Yiuf (D:7)
  A bullfrog skeleton (D:11)
  3 jellies
  9 orc wizards
  2 iguanas
  7 worker ants
  2 hound skeletons
  11 gnolls
  15 adders
  A river rat (D:3)
  2 shadow imps
  An ooze (D:3)
  An adder skeleton (D:6)
  2 worms (D:5)
  2 dart slugs
  7 leopard geckos
  59 orcs
  6 ball pythons
  4 giant cockroaches
  5 goblins
  10 hobgoblins
  8 jackals
  20 kobolds
  6 quokkas
  6 bats
  8 frilled lizards
  A quokka zombie (D:10)
  12 rats
  A spectral orc (D:5)
411 creatures vanquished.

Vanquished Creatures (collateral kills)
  A human (D:14)
1 creature vanquished.

Vanquished Creatures (others)
  2 hydras (D:14)
  2 phantasmal warriors
  An ugly thing (D:11)
  A hill giant (D:11)
  An ice statue (D:14)
  A yaktaur (D:14)
  A troll (D:14)
  A hippogriff (D:12)
  A wyvern (D:14)
  A yak (D:11)
  An ice beast (D:13)
  An ogre (D:12)
  2 bullfrogs
  A hound (D:10)
  An orc priest (D:12)
  A shadow imp (D:12)
19 creatures vanquished.

Grand Total: 431 creatures vanquished

Notes
Turn   | Place    | Note
-------+----------+-------------------------------------------
     0 | Abyss:1  | McKennaii the Demonspawn Abyssal Knight began the quest for the Orb.
     0 | Abyss:1  | Reached XP level 1. HP: 18/18 MP: 2/2
    80 | Abyss:3  | Noticed a tentacled starspawn
    90 | Abyss:3  | Got a pitted buckler
    96 | Abyss:3  | Identified the cursed +0 buckler of Bepizil {rElec Str-3 Dex+3} (You found it on level 3 of the Abyss)
   108 | Abyss:3  | Noticed a chaos spawn
   113 | Abyss:3  | Noticed a large abomination
   116 | D:1      | Escaped the Abyss
   136 | D:1      | Reached * piety under Lugonu
   207 | D:1      | Gained mutation: You are partially covered in sharp spines. [demonic ancestry]
   207 | D:1      | Reached XP level 2. HP: 18/24 MP: 3/3
   619 | D:1      | Reached XP level 3. HP: 19/29 MP: 5/5
   630 | D:1      | Reached skill level 1 in Dodging
  1084 | D:2      | Reached ** piety under Lugonu
  1149 | D:2      | Reached skill level 2 in Long Blades
  1211 | D:2      | Found a shadowy altar of Dithmenos.
  1223 | D:2      | Gained mutation: You sometimes gain a little power by taking damage. [demonic ancestry]
  1223 | D:2      | Reached XP level 4. HP: 31/37 MP: 6/6
  1745 | D:3      | Reached skill level 1 in Shields
  1756 | D:3      | Gained mutation: You sometimes gain power by taking damage. [demonic ancestry]
  1756 | D:3      | Reached XP level 5. HP: 25/42 MP: 7/7
  1773 | D:3      | Found a glowing drain.
  1780 | Sewer    | Entered a sewer
  1780 | Sewer    | Noticed Asagix's ghost (amateur MiBe)
  1795 | Sewer    | Killed Asagix's ghost
  1795 | Sewer    | Reached skill level 3 in Long Blades
  1795 | Sewer    | Reached XP level 6. HP: 24/48 MP: 8/8
  2284 | D:3      | Found a shattered altar of Ashenzari.
  2400 | D:3      | Reached *** piety under Lugonu
  2641 | D:3      | Found a hazy altar of Hepliaklqana.
  2641 | D:3      | Found a shattered altar of Ashenzari.
  2915 | D:4      | Noticed Grinder
  2936 | D:4      | Killed Grinder
  2936 | D:4      | Reached skill level 4 in Long Blades
  2936 | D:4      | Reached XP level 7. HP: 55/55 MP: 9/9
  3631 | D:5      | Entered Level 5 of the Dungeon
  4308 | D:5      | Gained mutation: You have a somewhat thin skeletal structure. (Dex +2, Stealth) [demonic ancestry]
  4308 | D:5      | Reached XP level 8. HP: 24/61 MP: 10/10
  4364 | D:5      | Found a white marble altar of Elyvilon.
  4393 | D:5      | Reached **** piety under Lugonu
  4393 | D:5      | Reached skill level 5 in Long Blades
  4561 | D:5      | Reached skill level 5 in Fighting
  4640 | D:5      | Found a basalt altar of Yredelemnul.
  5234 | D:7      | Reached skill level 5 in Armour
  5547 | D:7      | Found a runed door.
  5606 | D:7      | Found a staircase to the Ecumenical Temple.
  5786 | D:7      | Reached skill level 6 in Long Blades
  5823 | D:7      | Noticed Pikel
  6233 | D:6      | Killed Pikel
  6233 | D:6      | Gained mutation: You have a pair of small horns on your head. [demonic ancestry]
  6233 | D:6      | Reached XP level 9. HP: 45/69 MP: 8/11
  6399 | D:7      | Reached skill level 7 in Long Blades
  6636 | D:7      | Noticed Crazy Yiuf
  6643 | D:7      | Killed Crazy Yiuf
  6738 | D:8      | Reached skill level 1 in Stealth
  6998 | D:8      | Found a blossoming altar of Fedhas.
  7056 | D:8      | Reached ***** piety under Lugonu
  7382 | D:8      | Reached skill level 8 in Long Blades
  7439 | D:8      | Found Sydd's Armour Boutique.
  7448 | D:8      | Bought a +1 pair of gloves of strength for 247 gold pieces
  7470 | D:8      | Found an iron altar of Okawaru.
  7697 | D:9      | Found an iron altar of Okawaru.
  7796 | D:9      | Noticed a merfolk
  7811 | D:9      | Killed a merfolk
  7811 | D:9      | Reached XP level 10. HP: 27/77 MP: 5/12
  8560 | D:9      | Reached skill level 5 in Shields
  8681 | D:9      | Found Diyraisk's Distillery.
  8689 | D:9      | Bought a potion of lignification for 39 gold pieces
  8689 | D:9      | Bought a potion of mutation for 32 gold pieces
  8689 | D:9      | Bought a potion of heal wounds for 65 gold pieces
  8772 | D:9      | Reached skill level 9 in Long Blades
  8854 | D:9      | Noticed a hill giant
  9027 | D:10     | Entered Level 10 of the Dungeon
  9453 | D:10     | Found a roughly hewn altar of Beogh.
  9453 | D:10     | Found a staircase to the Orcish Mines.
  9771 | D:10     | Found a staircase to the Lair.
  9774 | D:10     | Noticed a spiny frog
  9774 | D:10     | Noticed a death yak
 10141 | D:10     | Killed a spiny frog
 10193 | D:10     | Gained mutation: You have a pair of horns on your head. [demonic ancestry]
 10193 | D:10     | Reached XP level 11. HP: 37/86 MP: 9/13
 10216 | D:10     | Noticed a death yak
 10590 | D:10     | Noticed a hill giant
 10951 | D:11     | Noticed a sixfirhy
 10998 | D:11     | Noticed a hill giant
 11016 | D:11     | Killed a hill giant
 11145 | D:11     | Reached ****** piety under Lugonu
 11299 | D:11     | Identified a +8 falchion of distortion (a +6 falchion corrupted by Lugonu)
 11299 | D:11     | Received a gift from Lugonu
 11418 | D:11     | Found a runed door.
 11439 | D:11     | You fall through a shaft!
 11439 | D:12     | Noticed a hill giant
 11453 | D:11     | Banished a hill giant
 11453 | D:11     | Reached skill level 10 in Long Blades
 11510 | D:11     | Noticed a sixfirhy
 11579 | D:11     | Noticed a red ugly thing
 11596 | D:11     | Banished a red ugly thing
 11925 | D:10     | Corrupted D:10
 11925 | D:10     | Noticed a tentacled starspawn
 11925 | D:10     | Noticed a starcursed mass
 11925 | D:10     | Noticed a crystal guardian
 11926 | D:10     | Noticed a starcursed mass
 11934 | D:10     | Noticed a large abomination
 12231 | D:12     | Noticed a hill giant
 12246 | D:12     | Killed a hill giant
 12768 | D:11     | Noticed a death knight
 12768 | D:11     | Noticed a phantasmal warrior
 12768 | D:11     | Noticed a phantasmal warrior
 12783 | D:12     | Banished a phantasmal warrior
 12811 | D:11     | Noticed a hill giant
 13011 | D:11     | Killed a hill giant
 13092 | D:10     | Banished a death yak
 13092 | D:10     | Reached XP level 12. HP: 79/95 MP: 12/14
 13523 | D:13     | Reached skill level 11 in Long Blades
 13575 | D:13     | Reached skill level 10 in Armour
 14673 | D:13     | Noticed an ice dragon
 15349 | D:13     | Reached skill level 1 in Evocations
 15554 | D:14     | Noticed a tengu warrior
 15701 | D:14     | Noticed a vault guard
 16266 | D:14     | Noticed a vault guard
 16298 | D:14     | Identified the Tome of Ghastly Translocation
 16632 | D:14     | Noticed a vault guard
 16711 | D:15     | Entered Level 15 of the Dungeon
 17039 | D:14     | Killed a tengu warrior
 17039 | D:14     | Reached skill level 12 in Long Blades
 17039 | D:14     | Gained mutation: You are mostly covered in sharp spines. [demonic ancestry]
 17039 | D:14     | Reached XP level 13. HP: 83/103 MP: 14/16
 17221 | D:14     | Reached skill level 10 in Fighting
 17722 | D:14     | Reached skill level 5 in Invocations
 17831 | D:14     | Found a gate to the Vaults.
 18073 | D:15     | HP: 3/104 [killer bee (5)]
 18077 | D:15     | Mangled by a cyclops

Skill      XL: |  1  2  3  4  5  6  7  8  9 10 11 12 13 |
---------------+----------------------------------------+-----
Armour         | 2 3 4 5 7 8 9 10 11 | 11.3
Dodging        | 1 2 3 |  3.7
Long Blades    | 2 3 4 6 8 9 10 12 | 12.2
Fighting       | 4 5 6 7 9 10 | 10.3
Shields        | 1 2 3 4 5 6 7 |  7.8
Stealth        | 1 2 |  2.4
Invocations    | 3 4 6 |  6.0
Evocations     | 1 |  1.5

Action                   |  1- 3 |  4- 6 |  7- 9 | 10-12 | 13-15 || total
-------------------------+-------+-------+-------+-------+-------++-------
Melee: Falchion          |    81 |   126 |   389 |   835 |    79 ||  1510
       Headbutt          |       |       |    34 |   254 |    27 ||   315
Invok: Depart the Abyss  |     1 |       |       |       |       ||     1
       Corrupt           |       |       |       |     1 |       ||     1
       Brand Weapon With |       |       |       |     1 |       ||     1
       Bend Space        |       |       |       |     7 |     4 ||    11
       Banish            |       |       |       |       |     3 ||     3
 Abil: Evoke Flight      |       |       |       |     3 |       ||     3
  Use: Potion            |       |     4 |     3 |     3 |     2 ||    12
       Scroll            |       |     4 |     6 |    17 |     1 ||    28
 Stab: Distracted        |       |       |       |     1 |       ||     1
  Eat: Chunk             |     1 |     6 |    15 |    26 |       ||    48
       Fruit             |       |       |       |     6 |     1 ||     7
       Meat ration       |       |       |       |     1 |     1 ||     2
       Pizza             |       |       |       |       |     1 ||     1
Armor: Leather armour    |    36 |    12 |       |       |       ||    48
       Plate armour      |       |    26 |   218 |   395 |    73 ||   712
Dodge: Dodged            |    53 |    38 |    33 |   152 |    17 ||   293
Block: Buckler           |    18 |    34 |    87 |   216 |    39 ||   394
       Rpst.: Falchion   |    17 |    16 |     7 |    33 |     3 ||    76
